 Dungeon Crawl Stone Soup version 0.30.1-11-g7821555f0a (webtiles) character file.

Game seed: 16553897642634457748

225 KittyFluff the Cudgeller (level 6, 0/38 HPs)
             Began as a Gargoyle Berserker on Oct 30, 2023.
             Was a Believer of Trog.
             Slain by a gnoll
             ... wielding a +0 flail
              (5 damage)
             ... on level 4 of the Dungeon.
             The game lasted 00:08:48 (2148 turns).

KittyFluff the Cudgeller (Gargoyle Berserker)       Turns: 2148, Time: 00:08:49

Health: 0/38       AC: 10    Str: 22    XL:     6   Next: 1%
Magic:  6/6        EV: 12    Int:  8    God:    Trog [**....]
Gold:   208        SH:  0    Dex:  9    Spells: 5/5 levels left

rFire   . . .        a - +0 mace
rCold   + . .        (no shield)
rNeg    + . .        g - +0 leather armour
rPois   ∞            (no helmet)
rElec   +            q - +0 cloak
rCorr   .            j - +0 pair of gloves
SInv    .            (no boots)
Will    .....        (no amulet)
Stlth   +            e - ring of protection from cold
HPRegen 0.26/turn    (no ring)
MPRegen 0.10/turn

%: no passive effects
@: on berserk cooldown, slowed, very slow
A: sickness immunity, AC +4, negative energy resistance 1, electricity
resistance, torment resistance 1, petrification resistance
a: Renounce Religion, Berserk, Trog's Hand


You were on level 4 of the Dungeon.
You worshipped Trog.
Trog was pleased with you.
You visited 1 branch of the dungeon, and saw 4 of its levels.

You collected 208 gold pieces.

Inventory:

Hand Weapons
 a - a +0 mace (weapon)
Armour
 g - a +0 leather armour (worn)
 j - a +0 pair of gloves (worn)
 q - a +0 cloak (worn)
Jewellery
 e - a ring of protection from cold (left hand)
Scrolls
 b - 2 scrolls of identify {unknown}
 c - a scroll of enchant armour {unknown}
 f - a scroll of fog {unknown}
 i - a scroll of immolation {unknown}
 k - a scroll of silence {unknown}
 l - a scroll of summoning {unknown}
 p - 2 scrolls of teleportation {unknown}
Potions
 d - a potion of berserk rage {unknown}
 h - a potion of curing {unknown}
 m - a potion of degeneration {unknown}
 n - 2 potions of heal wounds {unknown}
 o - a potion of mutation {unknown}


   Skills:
 + Level 4.1 Fighting
 * Level 4.4 Maces & Flails
 * Level 4.1 Armour
 + Level 2.4 Dodging


You had 5 spell levels left.
You didn't know any spells.
Your spell library was empty.

Dungeon Overview and Level Annotations

Branches:
Dungeon (4/15)
 Temple: D:4-7

Altars:
Cheibriados
Wu Jian

Shops:
D:4 :?

Annotations:
D:3 Natasha


Innate Abilities, Weirdness & Mutations

You are immune to sickness and miasma.
Your stone body is resilient. (AC +4)
You are immune to poison.
You resist negative energy. (rN+)
You are resistant to electric shocks. (rElec)
You are resistant to unholy torment.
You are immune to petrification.


Message History

The gnoll barely misses you.
You sock the gnoll!
You kill the gnoll!
Trog accepts your kill.
You have reached level 6!
You start resting.
You feel a strong urge to attack something.
You are no longer berserk.
You are exhausted.
You feel yourself slow down.
You start resting.
A gnoll is nearby!
A gnoll is nearby!
A gnoll is nearby!
Found a stone staircase leading up.
Items here: ( )) [[ ††.
You start resting.
A gnoll is nearby!
You hit the gnoll but do no damage. The gnoll hits you but does no damage.
The gnoll barely misses you.
You hit the gnoll.
The gnoll is lightly wounded.
The gnoll hits you with a +0 flail.
* * * LOW HITPOINT WARNING * * *
The gnoll misses you.
You barely miss the gnoll.
The gnoll is lightly wounded.
The gnoll hits you but does no damage. The gnoll closely misses you.
You hit the gnoll.
The gnoll is moderately wounded.
The gnoll completely misses you. The gnoll hits you but does no damage.
You hit the gnoll.
The gnoll is moderately wounded.
The gnoll barely misses you.
You barely miss the gnoll.
The gnoll is moderately wounded.
The gnoll hits you with a +0 flail.
* * * LOW HITPOINT WARNING * * *
The gnoll hits you with a +0 flail.
You die...

..... ......#
...... ....# .∩..#
# #.#.# #. ##.#.#
.. #.###g.#.##.<..
#..@#.........
#.∩.##)#.#........
###...#).#
#........
#..###..g#


#.P.PP.PP #......))#.#.P...g.. #........#.#.P.P...P #..........#.P.P._.P
#........###.PgP...P #............P...... You could see a gnoll.

Vanquished Creatures
  A scorpion (D:4)
  An orc wizard (D:4)
  Natasha (D:3)
  3 gnolls
  2 adders (D:3)
  A worm (D:2)
  2 dart slugs (D:1)
  2 orcs (D:4)
  3 ball pythons
  6 endoplasms
  3 giant cockroaches
  7 goblins
  3 hobgoblins
  4 jackals (D:3)
  3 kobolds (D:1)
  3 quokkas (D:1)
  8 bats
  7 frilled lizards
  2 rats
62 creatures vanquished.

Notes
Turn   | Place    | Note
-------+----------+-------------------------------------------
     0 | D:1      | KittyFluff the Gargoyle Berserker began the quest for the
                  | Orb.
     0 | D:1      | Reached XP level 1. HP: 14/14 MP: 1/1
   168 | D:1      | Reached XP level 2. HP: 17/19 MP: 2/2
   320 | D:1      | Reached XP level 3. HP: 22/23 MP: 3/3
   810 | D:2      | Reached ** piety under Trog
   908 | D:2      | Found an ornate altar of the Wu Jian Council.
  1206 | D:3      | Reached XP level 4. HP: 12/29 MP: 4/4
  1638 | D:3      | Noticed Natasha
  1654 | D:3      | Killed Natasha
  1657 | D:3      | Noticed Natasha
  1920 | D:3      | Reached XP level 5. HP: 33/33 MP: 5/5
  1944 | D:3      | Found a faded altar of an unknown god.
  2071 | D:4      | Found Naropp's Book Boutique.
  2075 | D:4      | Found a snail-covered altar of Cheibriados.
  2099 | D:4      | Found Leraitiy's Magic Scroll Shop.
  2129 | D:4      | Reached XP level 6. HP: 6/38 MP: 6/6
  2148 | D:4      | Slain by a gnoll

Illustrated notes

Levels and vault maps discovered:
D:1:      nagdon_arrival_double_spiral, layout_loops_ring
D:2:      layout_rooms, basic_altar, serial_park_tiny_2, lightli_corner_chamber
D:3:      layout_rooms, shapermc_ecumenical_altar_mp_ritualfount, uniq_natasha
D:4:      layout_rooms, mainiacjoe_overflow_paths,
          mainiacjoe_overflow_cross_hatched, minmay_temple_entry_glass,
          serial_shops, shop, shop, nicolae_book_shop_shelving, shop_statue

Skill      XL: |  1  2  3  4  5 |
---------------+----------------+-----
Armour         | 3 4 |  4.1
Dodging        | 2 |  2.4
Fighting       | 4 |  4.1
Maces & Flails | 4 |  4.4

Action                     |  1- 3 |  4- 6 || total
---------------------------+-------+-------++-------
  Melee: Mace              |   110 |   133 ||   243
 Invoke: Berserk           |       |     2 ||     2
   Stab: Sleeping          |     1 |       ||     1
 Armour: Animal skin       |    22 |       ||    22
         Leather armour    |    29 |    83 ||   112
  Dodge: Dodged            |    68 |   142 ||   210
